 Dungeon Crawl Stone Soup version 0.30-a0-371-gad7725a93e (webtiles) character file.

Game seed: 8804242569220211768

115559 Elric the Destroyer (level 16, -44/117 HPs)
             Began as an Octopode Conjurer on Nov 19, 2022.
             Was the Champion of Ashenzari.
             Killed from afar by an eleionoma (50 damage)
             ... with a spray of wooden splinters
             ... on level 1 of the Swamp on Nov 20, 2022.
             The game lasted 02:32:26 (44166 turns).

Elric the Destroyer (Octopode Conjurer)            Turns: 44166, Time: 02:32:26

Health: -44/117    AC:  7    Str: 13    XL:     16   Next: 69%
Magic:  4/41       EV: 13    Int: 29    God:    Ashenzari [******]
Gold:   2129       SH:  0    Dex: 11    Spells: 3/39 levels left

rFire   + + +      SeeInvis +    q - staff of conjuration (curse) {Evo, Melee}
rCold   . . .      Faith    .    O - +2 kite shield of the Bound God {rF+, Elem, Fort} (curse)
rNeg    + . .      Spirit   .    A - +2 hat of Supernal Gnosis {Melee, Cun} (curse)
rPois   +          Reflect  .    l - amulet of the Oracular Comet {Acrobat *Corrode rF+++ Slay-3 Stlth+, Elem, Range} (curse)
rElec   +          Harm     .    e - ring "Bound Altruism" {AC+4, Alch, Comp} (curse)
rCorr   +          Rampage  .    w - ring "Manifest Soothsayer" {Wiz, Elem, Melee} (curse)
Will    ++...      Clarity  +    z - ring "Esoteric the Doldrums" {rCorr, Comp, Fort} (curse)
Stlth   ++++......               i - ring "Tethered Serendipity" {MP+9 Str+6, Range, Melee} (curse)
HPRegen 0.39/turn                H - ring of Panopticon {rPois, Fort, Comp} (curse)
MPRegen 0.27/turn                J - ring "Share My Submission" {Fly, Alch, Melee} (curse)
                                 N - ring of Ashenzari's Annoyance {rElec rN+ Will+ Int+2, Elem, Melee} (curse)
                                 t - ring "Share My Dismay" {Wiz, Evo, Comp} (curse)

@: confused, ambrosia-drunk, flying
A: almost no armour, amphibious, 8 rings, camouflage 1, gelatinous body 1,
nimble swimmer 1, tentacles
a: Renounce Religion, Shatter the Chains


You were on level 1 of the Swamp.
You worshipped Ashenzari.
Ashenzari was exalted by your worship.
You visited 4 branches of the dungeon, and saw 23 of its levels.

You collected 2129 gold pieces.

Inventory:

Armour
 A - the cursed +2 hat of Supernal Gnosis (worn) {Melee, Cun}
   (You found it on level 7 of the Dungeon)

   It has a curse which improves the following skills: Melee Combat: Short
   Blades, Long Blades, Axes, Maces & Flails, Polearms, Staves and Unarmed
   Combat.
   Cunning:   Dodging and Stealth.
 O - the cursed +2 kite shield of the Bound God (worn) {rF+, Elem, Fort}
   (You took it off a tengu warrior on level 13 of the Dungeon)

   It has a curse which improves the following skills: Elements: Fire Magic, Ice
   Magic, Air Magic and Earth Magic.
   Fortitude: Shields.
Magical Staves
 p - a staff of cold
 q - a cursed staff of conjuration (weapon) {Evo, Melee}
Jewellery
 e - the cursed ring "Bound Altruism" (left tentacle) {AC+4, Alch, Comp}
   (You found it on level 2 of the Dungeon)

   [ring of protection]

   AC:        It affects your AC (+4).
   It has a curse which improves the following skills: Alchemy: Poison Magic and
   Transmutations.
   Companions: Summonings and Necromancy.
 i - the cursed ring "Tethered Serendipity" (on tentacle) {MP+9 Str+6, Range, Melee}
   (You acquired it on level 8 of the Dungeon)

   [ring of magical power]

   Str:       It affects your strength (+6).
   MP:        It affects your magic capacity (+9).
   It has a curse which improves the following skills: Ranged Combat: Ranged
   Weapons and Throwing.
   Melee Combat: Short Blades, Long Blades, Axes, Maces & Flails, Polearms,
   Staves and Unarmed Combat.
 l - the cursed amulet of the Oracular Comet (around mantle) {Acrobat *Corrode rF+++ Slay-3 Stlth+, Elem, Range}
   (You found it on level 4 of the Lair of Beasts)

   [amulet of the acrobat]

   It increases your evasion while moving and waiting.
   Slay:      It affects your accuracy & damage with ranged weapons and melee
   (-3).
   rF:        It renders you almost immune to fire.
   *Corrode:  It may corrode you when you take damage.
   Stlth:     It makes you more stealthy.
   It has a curse which improves the following skills: Elements: Fire Magic, Ice
   Magic, Air Magic and Earth Magic.
   Ranged Combat: Ranged Weapons and Throwing.
 t - the cursed ring "Share My Dismay" (on tentacle) {Wiz, Evo, Comp}
   (You found it on level 1 of the Lair of Beasts)

   [ring of wizardry]

   It improves your spell success rate.
   It has a curse which improves the following skills: Evocations: Evocations.
   Companions: Summonings and Necromancy.
 w - the cursed ring "Manifest Soothsayer" (right tentacle) {Wiz, Elem, Melee}
   (You found it on level 5 of the Dungeon)

   [ring of wizardry]

   It improves your spell success rate.
   It has a curse which improves the following skills: Elements: Fire Magic, Ice
   Magic, Air Magic and Earth Magic.
   Melee Combat: Short Blades, Long Blades, Axes, Maces & Flails, Polearms,
   Staves and Unarmed Combat.
 z - the cursed ring "Esoteric the Doldrums" (on tentacle) {rCorr, Comp, Fort}
   (You found it on level 6 of the Dungeon)

   [ring of resist corrosion]

   rCorr:     It protects you from acid and corrosion.
   It has a curse which improves the following skills: Companions: Summonings
   and Necromancy.
   Fortitude: Shields.
 H - the cursed ring of Panopticon (on tentacle) {rPois, Fort, Comp}
   (You found it on level 10 of the Dungeon)

   [ring of poison resistance]

   rPois:     It protects you from poison.
   It has a curse which improves the following skills: Fortitude: Shields.
   Companions: Summonings and Necromancy.
 J - the cursed ring "Share My Submission" (on tentacle) {Fly, Alch, Melee}
   (You found it on level 10 of the Dungeon)

   [ring of flight]

   Fly:       It grants you flight.
   It has a curse which improves the following skills: Alchemy: Poison Magic and
   Transmutations.
   Melee Combat: Short Blades, Long Blades, Axes, Maces & Flails, Polearms,
   Staves and Unarmed Combat.
 N - the cursed ring of Ashenzari's Annoyance (on tentacle) {rElec rN+ Will+ Int+2, Elem, Melee}
   (You took it off a centaur on level 11 of the Dungeon)

   [ring of positive energy]

   Int:       It affects your intelligence (+2).
   rElec:     It insulates you from electricity.
   rN:        It protects you from negative energy.
   Will:      It increases your willpower.
   It has a curse which improves the following skills: Elements: Fire Magic, Ice
   Magic, Air Magic and Earth Magic.
   Melee Combat: Short Blades, Long Blades, Axes, Maces & Flails, Polearms,
   Staves and Unarmed Combat.
 T - an amulet of regeneration
Wands
 m - a wand of flame (40)
 r - a wand of charming (11)
 s - a wand of iceblast (7)
 y - a wand of mindburst (39)
 I - a wand of light (10)
 U - a wand of polymorph (4)
Scrolls
 b - 2 scrolls of fear
 d - 14 scrolls of teleportation
 g - 30 scrolls of identify
 o - 5 scrolls of magic mapping
 v - 8 scrolls of noise
 D - 3 scrolls of enchant weapon
 E - 5 scrolls of fog
 G - 2 scrolls of amnesia
 K - 3 scrolls of poison
 S - a scroll of blinking
Potions
 a - 2 potions of magic
 c - 5 potions of haste
 h - 6 potions of mutation
 j - 13 potions of curing
 k - 3 potions of invisibility
 n - 4 potions of brilliance
 u - a potion of ambrosia
 x - 2 potions of resistance
 F - a potion of flight
 L - 5 potions of might
 P - a potion of cancellation
Miscellaneous
 M - a phantom mirror


   Skills:
 + Level 13.0 Fighting
 - Level 2.1(4.1) Dodging
 - Level 3.0(5.2) Stealth
 - Level 9.0(14.1) Shields
 - Level 12.0 Spellcasting
 * Level 14.7 Conjurations
 - Level 10.0 Hexes
 - Level 2.6(7.2) Necromancy
 - Level 7.3 Translocations
 - Level 7.6(13.6) Ice Magic
 - Level 8.9(15.0) Earth Magic


You had 3 spell levels left.
You knew the following spells:

 Your Spells              Type           Power      Damage    Failure   Level
a - Magic Dart            Conj           100%       1d8       0%          1
b - Searing Ray           Conj           100%       2d8       0%          2
c - Fulminant Prism       Conj/Hex       46%        3d21      1%          4
d - Iskenderun's Mystic   Conj/Tloc      89%        2d17      1%          4
e - Dazzling Flash        Conj/Hex       100%       N/A       1%          3
f - Hailstorm             Conj/Ice       99%        3d19      1%          3
g - Lehudib's Crystal Sp  Conj/Erth      50%        10d12     21%         8
h - Freezing Cloud        Conj/Ice/Air   42%        6-21      1%          5
i - Simulacrum            Ice/Necr       33%        N/A       3%          6

Your spell library contained the following spells:

 Spells                   Type           Power      Damage    Failure   Level
 Freeze                   Ice            100%       1d10      0%          1
 Frozen Ramparts          Ice            100%       1d16      1%          3
 Gell's Gravitas          Tloc           56%        N/A       1%          3
 Ozocubu's Armour         Ice            77%        N/A       1%          3
 Portal Projectile        Hex/Tloc       100%       N/A       1%          3
 Stone Arrow              Conj/Erth      100%       3d13      1%          3
 Teleport Other           Tloc           56%        N/A       1%          3
 Tukima's Dance           Hex            66%        N/A       1%          3
 Call Canine Familiar     Summ           23%        N/A       3%          3
 Anguish                  Hex/Necr       30%        N/A       1%          4
 Ice Form                 Ice/Tmut       56%        N/A       1%          4
 Leda's Liquefaction      Hex/Erth       37%        N/A       1%          4
 Passage of Golubria      Tloc           56%        N/A       1%          4
 Petrify                  Tmut/Erth      58%        N/A       1%          4
 Summon Ice Beast         Ice/Summ       56%        N/A       1%          4
 Metabolic Englaciation   Hex/Ice        36%        N/A       1%          5
 Yara's Violent Unravell  Hex/Tmut       24%        3d11      5%          5
 Statue Form              Tmut/Erth      38%        N/A       10%         6
 Dispersal                Tloc           28%        N/A       12%         6
 Enfeeble                 Hex            33%        N/A       21%         7
 Polar Vortex             Ice            38%        N/A       99%         9
 Animate Armour           Summ/Erth      Unusable   N/A       N/A         4

Dungeon Overview and Level Annotations

Branches:
Dungeon (15/15)            Temple (0/1) D:5            Lair (5/5) D:10
  Swamp (1/4) Lair:3       Spider (0/4) Lair:2        Slime (0/5) Lair:4
    Orc (2/2) D:11            Elf (0/3) Orc:2        Vaults (0/5) D:13
 Depths (0/4) D:15

Altars:
Ashenzari
Gozag
Hepliaklqana
Makhleb
Okawaru
Qazlal
Ru
Trog
Wu Jian
Xom
Zin
The Shining One
Jiyva

Shops:
D:5 [   Orc:2 ![(:

Annotations:
D:5 2 runed translucent doors, stil's ghost, amateur DsFi
D:10 exclusion: ice statue
D:14 exclusion: oklob plant, Roxanne
Lair:3 2 transporters, Zaoclebbo's ghost, journeyman TrFi
Lair:4 1 runed translucent door, bimpf's ghost, journeyman MiBe


Innate Abilities, Weirdness & Mutations

You cannot wear most types of armour.
You are amphibious.
You can wear up to eight rings at the same time.
Your skin changes colour to match your surroundings (Stealth+).
Your rubbery body absorbs attacks. (AC +1, EV +1)
You are camouflaged when in or above water. (Stealth+)
You have tentacles for arms and can constrict up to eight enemies at once.


Message History

Casting: Iskenderun's Mystic Blast (safe; 1% risk of failure)
Confirm with . or Enter, or press ? or * to list all spells.
Casting: Hailstorm (safe; 1% risk of failure)
Press: ? - help, Dir - look around, f - activate You feel a surge of power!
A cannonade of hail descends around you!
The hail misses the swamp worm.
The hail pelts the eleionoma!
The eleionoma is severely wounded.
Casting: Hailstorm (safe; 1% risk of failure)
Confirm with . or Enter, or press ? or * to list all spells.
Casting: Hailstorm (safe; 1% risk of failure)
Press: ? - help, Dir - look around, f - activate You feel a surge of power!
A cannonade of hail descends around you!
The hail pelts the swamp worm!!!
You kill the swamp worm!
The hail pelts the eleionoma!!
The eleionoma is almost dead.
You are too injured to fight recklessly!
You barely miss the eleionoma. Your grab misses the eleionoma.
The eleionoma is almost dead.
You hit the eleionoma but do no damage. Your grab misses the eleionoma.
The eleionoma is almost dead.
The eleionoma hits you!
* * * LOW HITPOINT WARNING * * *
Casting: Hailstorm (safe; 1% risk of failure)
Confirm with . or Enter, or press ? or * to list all spells.
Aiming: Magic Dart (safe; 0% risk of failure)
Press: ? - help, Shift-Dir - straight line, f - eleionoma
Aim: an eleionoma (almost dead, 100% to hit)
You feel a surge of power!
The magic dart hits the eleionoma!
The eleionoma is almost dead.
The eleionoma hurls a spray of splinters at you.
The spray of wooden splinters hits you!!
* * * LOW HITPOINT WARNING * * *
You are confused.
You feel invigorated.
The eleionoma hurls a spray of splinters at you.
The spray of wooden splinters hits you!!!
You die...

♣♣♣♣♣♣♣♣♣ * * ♣..♣♣.~.♣ *
* ♣.~♣.~~.♣ *~ , ,,
♣♣~§♣..~♣♣♣ ♣♣♣ **
♣♣~...♣.~♣ ♣♣~♣♣ *~~ ~
♣♣....<~♣♣♣...♣♣♣... ~
♣♣♣♣♣♣.~~~.~.~~~.~.... ,
♣~.§♣♣.[R)...~~~..~♣.. ,
♣..(♣♣♣.@~[~♣~.....♣ ~
♣.~.♣♣.~~[[♣♣~~♣...♣ ~
♣.~~.§.~§~~....♣♣~♣~.,***
♣♣.....~~~...~~.♣♣♣~.§.
♣~~~§~.~~~♣~~~~~.♣ .~~~
** ♣.~~~~.....~.~~§.♣..~~
,~* ♣~.~~~....§~.~~~.~~~
~~, *
♣~.~~~~...~~........ ,, ,
♣.~~~~~~.....~~..~~~. ~


You could see an eleionoma.

Vanquished Creatures
  Jorgrun (Orc:1)
  An orc warlord (Orc:1)
  2 eleionomae (Swamp:1)
  A dire elephant (Lair:5)
  Azrael (D:14)
  2 bunyips (Swamp:1)
  An ettin (D:13)
  A rakshasa (D:15)
  4 centaur warriors
  An ice dragon (D:13)
  A catoblepas (Lair:5)
  8 hydras
  8 boulder beetles
  4 alligators (Swamp:1)
  7 two-headed ogres
  13 death yaks
  A tengu warrior (D:13)
  3 orc high priests (Orc:2)
  Urug (Orc:2)
  A skeletal warrior (D:11)
  5 goliath frogs (Swamp:1)
  2 spriggan druids (Swamp:1)
  A deep troll (D:13)
  2 swamp dragons (Swamp:1)
  A glowing orange brain (D:15)
  4 lindwurms (Lair:3)
  6 orc knights
  4 orc sorcerers
  4 cyclopes
  5 ugly things
  6 manticores
  6 black mambas
  A naga mage (D:9)
  12 elephants
  2 torpor snails (Lair:4)
  19 cane toads
  2 rime drakes (Lair:4)
  A yaktaur (D:15)
  Maggie (D:7)
  10 komodo dragons
  2 efreet
  An unseen horror (D:13)
  A kobold demonologist (D:11)
  2 tengu conjurers (D:15)
  4 trolls
  A bloated husk (Swamp:1)
  5 meliai
  2 tyrant leeches (Swamp:1)
  5 polar bears
  8 hornets
  5 dream sheep
  14 slime creatures
  9 blink frogs
  3 shadows
  A spriggan (shapeshifter) (D:13)
  17 spriggans
  9 wyverns
  4 wraiths
  6 basilisks
  3 fire elementals
  32 yaks
  Eustachio (D:6)
  A fire bat (shapeshifter) (D:15)
  9 vampire mosquitoes
  Grum (D:8)
  7 swamp worms
  4 wargs
  An acid dragon (D:11)
  10 water moccasins
  5 hell hounds (D:14)
  A floating eye (D:14)
  2 swamp drakes
  23 orc warriors
  2 ice beasts
  2 black bears (Lair:5)
  4 boggarts (Lair:5)
  3 ogres
  33 wolves
  6 centaurs
  2 phantoms
  4 kobold brigands
  17 bullfrogs
  2 necrophages
  3 scorpions (D:5)
  3 gnoll sergeants
  10 wights
  15 killer bees
  2 howler monkeys
  5 electric eels
  7 jellies
  11 orc priests
  8 hounds
  4 iguanas
  23 orc wizards
  8 adders
  14 gnolls
  A shadow imp (D:6)
  3 white imps
  An ufetubus (D:6)
  5 worms
  3 dart slugs
  77 orcs
  5 ball pythons
  5 endoplasms
  3 giant cockroaches
  7 goblins
  6 hobgoblins
  2 jackals (D:3)
  3 quokkas
  3 bats
  6 frilled lizards
  25 kobolds
  7 rats
  A bush (D:14)
  A fulminant prism (D:15)
707 creatures vanquished.

Vanquished Creatures (collateral kills)
  Nessos (D:14)
  Snorg (D:12)
  A centaur warrior (D:14)
  An alligator (Swamp:1)
  An oklob plant (D:14)
  An orc sorcerer (Orc:2)
  A meliai (D:14)
  A warg (Orc:1)
  An orc warrior (Orc:1)
  2 ogres (Orc:1)
  An orc priest (Orc:1)
  2 orc wizards (Orc:2)
  4 orcs
18 creatures vanquished.

Vanquished Creatures (others)
  A bunyip (Swamp:1)
  2 bloated husks (Swamp:1)
  A centaur simulacrum (D:14)
  242 fulminant prisms
  64 fungi
  182 plants
  4 withered plants
496 creatures vanquished.

Grand Total: 1221 creatures vanquished

Notes
Turn   | Place    | Note
-------+----------+-------------------------------------------
     0 | D:1      | Elric the Octopode Conjurer began the quest for the Orb.
     0 | D:1      | Reached XP level 1. HP: 11/11 MP: 3/3
   163 | D:1      | Found a faded altar of an unknown god.
   182 | D:1      | Reached XP level 2. HP: 17/17 MP: 0/5
   703 | D:1      | Learned a level 2 spell: Searing Ray
   947 | D:1      | Reached XP level 3. HP: 21/21 MP: 3/6
  1419 | D:2      | Identified the +1 ring mail of Ykuajony {rElec Int-3 Dex+4
                  | Stlth+}
  1956 | D:2      | Reached XP level 4. HP: 27/27 MP: 3/8
  2062 | D:3      | Learned a level 4 spell: Fulminant Prism
  2379 | D:3      | Reached skill level 1 in Hexes
  2549 | D:3      | Identified the +3 spear "Xuha" {vorpal, rC+ rN+ Str-4}
  2791 | D:3      | Reached XP level 5. HP: 31/31 MP: 7/9
  3053 | D:3      | Reached skill level 5 in Conjurations
  3973 | D:4      | Reached XP level 6. HP: 37/37 MP: 5/11
  4399 | D:5      | Entered Level 5 of the Dungeon
  4416 | D:5      | Reached skill level 1 in Fighting
  4522 | D:5      | Found a runed translucent door.
  4523 | D:5      | Noticed stil's ghost (amateur DsFi)
  4714 | D:5      | Reached XP level 7. HP: 22/43 MP: 0/12
  6168 | D:5      | Found a staircase to the Ecumenical Temple.
  6510 | D:5      | Found Rynesch's Antique Armour Shoppe.
  6709 | D:5      | Found a runed translucent door.
  6892 | D:6      | Reached XP level 8. HP: 43/51 MP: 0/14
  6896 | D:6      | Reached skill level 6 in Conjurations
  6968 | D:6      | Reached skill level 5 in Hexes
  7123 | D:6      | Noticed Eustachio
  7130 | D:6      | Killed Eustachio
  7427 | D:6      | Found a sacrificial altar of Ru.
  7428 | D:6      | Found a broken altar of Ashenzari.
  7519 | D:6      | Found an iron altar of Okawaru.
  7520 | D:6      | Found a glowing silver altar of Zin.
  7525 | D:6      | Found a burning altar of Makhleb.
  7527 | D:6      | Found a bloodstained altar of Trog.
  7529 | D:6      | Found an opulent altar of Gozag.
  7532 | D:6      | Found a hazy altar of Hepliaklqana.
  7562 | D:6      | Became a worshipper of Ashenzari the Shackled
  7804 | D:6      | Reached skill level 5 in Spellcasting
  8001 | D:7      | Learned a level 4 spell: Iskenderun's Mystic Blast
  8567 | D:7      | Reached XP level 9. HP: 58/58 MP: 1/16
  8827 | D:7      | Noticed Maggie
  8836 | D:7      | Killed Maggie
  9018 | D:7      | Reached skill level 7 in Conjurations
  9240 | D:7      | Identified the +9 mace "Octopus's Curse" {flame, rElec}
  9454 | D:7      | Reached skill level 1 in Shields
  9454 | D:7      | Reached skill level 1 in Translocations
  9458 | D:7      | Learned a level 3 spell: Dazzling Flash
  9939 | D:7      | Reached skill level 5 in Fighting
 10374 | D:8      | Identified the +6 mace of Vykeoxe {flame, Contam rPois rF+}
 10494 | D:8      | Identified 2 scrolls of acquirement
 10494 | D:8      | Acquired a book of Frost
 10496 | D:8      | Acquired the ring of Nobility {MP+9 Str+6}
 10820 | D:8      | Reached XP level 10. HP: 9/68 MP: 1/19
 11096 | D:8      | Noticed Grum
 11110 | D:8      | Killed Grum
 11470 | D:8      | Noticed a two-headed ogre
 11489 | D:8      | Reached * piety under Ashenzari
 11495 | D:8      | Learned a level 3 spell: Hailstorm
 11900 | D:8      | Noticed a two-headed ogre
 11910 | D:8      | Killed a two-headed ogre
 12321 | D:9      | Noticed a two-headed ogre
 12473 | D:9      | Paralysed by a hornet for 1 turns
 12815 | D:9      | Noticed a two-headed ogre
 12824 | D:9      | Killed a two-headed ogre
 12850 | D:9      | Reached skill level 5 in Shields
 12850 | D:9      | Reached skill level 5 in Translocations
 12964 | D:9      | Killed a two-headed ogre
 12965 | D:9      | Reached XP level 11. HP: 75/75 MP: 22/22
 13186 | D:9      | Reached ** piety under Ashenzari
 13525 | D:10     | Entered Level 10 of the Dungeon
 13723 | D:10     | Noticed a two-headed ogre
 13732 | D:10     | Killed a two-headed ogre
 13733 | D:10     | Reached skill level 8 in Conjurations
 13810 | D:10     | Noticed a two-headed ogre
 13873 | D:10     | Identified the +2 robe of the Leaping Cities {rF- rN++
                  | Str+9 Int-3}
 14228 | D:10     | Killed a two-headed ogre
 14305 | D:10     | Found a glowing golden altar of the Shining One.
 14321 | D:10     | Identified the +10 plate armour of Omission {Rampage +Blink
                  | Dex+3}
 14464 | D:10     | Found a staircase to the Lair.
 14672 | D:11     | Noticed a centaur warrior
 14930 | D:11     | Killed a centaur warrior
 14950 | D:11     | Learned a level 8 spell: Lehudib's Crystal Spear
 15234 | D:11     | Reached *** piety under Ashenzari
 15411 | D:11     | Found a staircase to the Orcish Mines.
 15440 | D:11     | Noticed an orc knight
 15475 | D:11     | Killed an orc knight
 15722 | D:11     | Noticed a two-headed ogre
 15729 | D:11     | Noticed a manticore
 15735 | D:11     | Killed a manticore
 15735 | D:11     | Killed a two-headed ogre
 15736 | D:11     | Reached XP level 12. HP: 37/87 MP: 14/25
 15930 | D:11     | Identified the ring of Puxebb {rElec rN+ Will+ Int+2}
 16695 | D:12     | Reached skill level 9 in Conjurations
 16851 | D:12     | Noticed a two-headed ogre
 16863 | D:12     | Noticed Snorg
 16869 | D:12     | Killed a two-headed ogre
 16882 | D:12     | Killed Snorg
 17106 | D:12     | Reached skill level 1 in Earth Magic
 17107 | D:12     | Noticed a boulder beetle
 17599 | D:12     | Reached **** piety under Ashenzari
 17896 | D:12     | Killed a boulder beetle
 18393 | D:13     | Noticed a boulder beetle
 18451 | D:13     | HP: 1/89 [boulder beetle (30)]
 18454 | D:13     | Killed a boulder beetle
 18455 | D:13     | Reached skill level 10 in Conjurations
 18678 | D:13     | Found a stormy altar of Qazlal.
 18701 | D:13     | Reached XP level 13. HP: 75/95 MP: 24/28
 18996 | D:13     | Noticed an ice dragon
 19062 | Lair:1   | Entered Level 1 of the Lair of Beasts
 21366 | Lair:2   | Found a hole to the Spider Nest.
 21792 | Lair:2   | Identified the +9 sling of Feconk {speed, rElec Will+ Str+4
                  | Int+4}
 21847 | Lair:2   | Reached skill level 5 in Earth Magic
 22911 | Lair:3   | Reached skill level 10 in Fighting
 23107 | Lair:3   | Reached skill level 10 in Spellcasting
 23358 | Lair:3   | Found a staircase to the Swamp.
 23393 | Lair:3   | Learned a level 5 spell: Freezing Cloud
 23453 | Lair:3   | Found a bloodstained altar of Trog.
 23481 | Lair:3   | Reached skill level 1 in Ice Magic
 23592 | Lair:3   | Identified the +6 falchion of the Hierophant {vorpal, rF-
                  | Str+4 Int+2}
 23594 | Lair:3   | Identified the +3 scale mail of Benevolence {rC- rCorr
                  | Stlth+}
 23702 | Lair:3   | Reached ***** piety under Ashenzari
 23714 | Lair:3   | Reached XP level 14. HP: 99/99 MP: 17/28
 23770 | Lair:3   | Reached skill level 10 in Hexes
 23981 | Lair:3   | Found a transporter.
 23984 | Lair:3   | Noticed Zaoclebbo's ghost (journeyman TrFi)
 23993 | Lair:3   | Found a transporter.
 24619 | Lair:4   | Found a staircase to the Slime Pits.
 24619 | Lair:4   | Found a viscous altar of Jiyva.
 25286 | Lair:4   | Found a runed translucent door.
 25299 | Lair:4   | Reached skill level 11 in Conjurations
 25349 | Lair:4   | Noticed bimpf's ghost (journeyman MiBe)
 26543 | Lair:4   | Reached skill level 5 in Ice Magic
 27293 | Lair:4   | Identified the +2 chain mail "Ympega Qemma" {Fly rN+ Slay+2
                  | Stlth-}
 27704 | Lair:4   | Identified the amulet of the Ladybird {Acrobat *Corrode
                  | rF+++ Slay-3 Stlth+}
 28590 | Lair:5   | Entered Level 5 of the Lair of Beasts
 28683 | Lair:5   | Identified the +7 trident of Untimely Demise {vorpal, Will+
                  | Dex+2}
 29040 | Lair:5   | Reached skill level 12 in Conjurations
 29304 | Lair:5   | Noticed a dire elephant
 29807 | Lair:5   | Reached XP level 15. HP: 107/107 MP: 27/29
 31102 | Lair:5   | Identified the +2 halberd "Ukkag" {spect, Str+2}
 31309 | Lair:5   | Upgraded the game from 0.30-a0-368-g86fb4627a9 to
                  | 0.30-a0-371-gad7725a93e
 31349 | Lair:5   | Learned a level 6 spell: Simulacrum
 31549 | Lair:5   | Reached skill level 1 in Necromancy
 33565 | D:13     | Found a gate to the Vaults.
 34149 | D:14     | Noticed Nessos
 34633 | D:14     | HP: 5/107 [centaur warrior simulacrum (26)]
 35095 | D:14     | Killed Nessos
 35386 | D:14     | Noticed Azrael
 36336 | D:14     | Killed Azrael
 36794 | D:14     | Reached ****** piety under Ashenzari
 36916 | D:14     | Noticed Roxanne
 36952 | D:14     | Found an ornate altar of the Wu Jian Council.
 37159 | D:15     | Entered Level 15 of the Dungeon
 38726 | D:15     | Reached skill level 13 in Conjurations
 38898 | D:15     | Found a staircase to the Depths.
 39231 | Orc:1    | Entered Level 1 of the Orcish Mines
 39392 | Orc:2    | Entered Level 2 of the Orcish Mines
 39627 | Orc:2    | Reached XP level 16. HP: 98/114 MP: 28/31
 40596 | Orc:2    | Found a staircase to the Elven Halls.
 40703 | Orc:2    | Found a shimmering altar of Xom.
 41192 | Orc:2    | Found Emohonnang's Distillery.
 41192 | Orc:2    | Found Ymmiakha's Book Boutique.
 41196 | Orc:2    | Found Furhyus's Weapon Boutique.
 41196 | Orc:2    | Found Bulue's Armour Shoppe.
 41259 | Orc:1    | Noticed Urug
 41360 | Orc:2    | Killed Urug
 41728 | Orc:1    | Noticed Jorgrun
 42174 | Orc:1    | Killed Jorgrun
 42657 | Orc:1    | Noticed Sonja
 42658 | Orc:1    | Sonja changed into Sonja the swamp drake
 42658 | Orc:1    | Noticed Sonja
 42660 | Orc:1    | Killed Sonja the swamp drake
 43099 | Swamp:1  | Entered Level 1 of the Swamp
 43278 | Swamp:1  | Reached skill level 14 in Conjurations
 43406 | Swamp:1  | HP: 2/116 [bunyip (34)]
 44158 | Swamp:1  | HP: 5/117 [eleionoma/spray of wooden splinters (27)]
 44165 | Swamp:1  | HP: 2/117 [eleionoma/spray of wooden splinters (23)]
 44166 | Swamp:1  | Killed from afar by an eleionoma

Illustrated notes

Levels and vault maps discovered:
D:1:      heliophobic_arrival_henge, layout_basic,
          ebering_ecumenical_altar_petrified
D:2:      layout_rooms
D:3:      layout_loops_ring, grunt_ministairs_14, cheibrodos_gnoll_hut
D:4:      layout_loops_corners, minmay_misc_feat_tiny
D:5:      layout_cave_pools, minmay_temple_entry_junction, serial_shops,
          nicolae_shop_overgrown_old_shop, ebering_ghost_sewer_f, eino_curves_04
D:6:      layout_cave_pools, nicolae_overflow_hallway_of_the_gods, serial_park,
          serial_park_tiny_pond, serial_park_avenue1, serial_park_tiny_2,
          serial_park_tiny_pond, serial_park_tiny_pond,
          kennysheep_generic_room_13, uniq_eustachio
D:7:      layout_loops_cross, minmay_holes, kennysheep_generic_room_2,
          uniq_maggie
D:8:      layout_basic, serial_bayou, serial_bayou_lagoon_a,
          serial_bayou_pond_c, serial_bayou_crossing, serial_bayou_pond_a,
          chequers_serial_rivers_micro_a, hex_medium, grunt_decor_cap, uniq_grum
D:9:      layout_small_grid, minmay_librarian
D:10:     layout_loops_ring, mainiacjoe_overflow_alcove_1, erik_lair_island,
          minivault_15
D:11:     minmay_opposing_rooms, layout_irregular_city, david_orc_2
D:12:     layout_roguey, dk_noncrumbling_3, uniq_snorg
D:13:     layout_gridville, david_vaults_4, nicolae_qazlal_scattered_showers
D:14:     layout_big_octagon, nicolae_wu_jian_wuxing_cycle, disabler_island,
          uniq_nessos, uniq_roxanne, uniq_azrael
D:15:     gammafunk_enter_depths_forms, layout_rooms
Lair:1:   layout_misc_corridors
Lair:2:   layout_regular_city, spider_nest_entry_web_field,
          chequers_serial_rivers_room_b
Lair:3:   layout_roguey, minmay_swamp_entry_worms,
          gammafunk_ghost_wrathful_warriors, minmay_lindwurm_lava
Lair:4:   nzn_winding_woodlands_huge [nzn_winding_woodlands_5x15_crooked,
          nzn_winding_woodlands_5x15_lazy_stream,
          nzn_winding_woodlands_5x15_zeroes,
          nzn_winding_woodlands_5x15_concentric,
          nzn_winding_woodlands_5x15_pockets,
          nzn_winding_woodlands_5x15_default, nzn_winding_woodlands_5x15_parted,
          nzn_winding_woodlands_5x15_longhouse,
          nzn_winding_woodlands_5x15_twine, nzn_winding_woodlands_5x15_eye,
          nzn_winding_woodlands_center_lodge,
          nzn_winding_woodlands_center_pierced_h,
          nzn_winding_woodlands_15x15_boxy_spiral], layout_concentric_octagons,
          nicolae_slime_entry_slimehenge, gammafunk_ghost_grave
Lair:5:   minmay_lair_end_enchanted_forest, layout_regular_city,
          grunt_forest_stairs_basic, serial_bayou_shore_a
Swamp:1:  layout_basic_swamp, gammafunk_ghost_grave,
          evilmike_swamp_ruin_house_4, swamp_pool2, nicolae_swamp_no_escape
Orc:1:    layout_caves, uniq_jorgrun, uniq_sonja, uniq_urug
Orc:2:    grunt_orc_tribal_feast, layout_diamond_mine, basic_altar, rock_pile

Skill      XL: |  1  2  3  4  5  6  7  8  9 10 11 12 13 14 15 16 |
---------------+-------------------------------------------------+-----
Stealth        | 3 |  3.0
Spellcasting   | 3 4 5 6 7 8 9 10 11 12 | 12.0
Hexes          | 1 2 3 4 6 7 8 9 10 | 10.0
Conjurations   | 5 6 7 8 10 12 13 14 | 14.7
Fighting       | 1 2 4 5 7 8 9 10 11 12 13 | 13.0
Shields        | 3 5 6 7 9 |  9.0
Translocations | 3 5 6 7 |  7.3
Earth Magic    | 2 5 6 8 |  8.9
Ice Magic      | 1 5 7 |  7.6
Necromancy     | 2 |  2.6
Dodging        | |  2.1

Action                   |  1- 3 |  4- 6 |  7- 9 | 10-12 | 13-15 | 16-18 || total
-------------------------+-------+-------+-------+-------+-------+-------++-------
Melee: Spear             |       |    21 |    44 |    51 |    12 |       ||   128
       Constrict         |       |     6 |     9 |     5 |    22 |     2 ||    44
       Tentacles         |       |     6 |    11 |    18 |    56 |     4 ||    95
       Unarmed           |       |     1 |       |       |       |       ||     1
       Punch             |       |     1 |     1 |       |     6 |     1 ||     9
       Staff             |       |       |       |       |   134 |    14 ||   148
 Cast: Magic Dart        |    79 |    72 |   150 |   113 |   367 |    66 ||   847
       Searing Ray       |     1 |    11 |    17 |    10 |     4 |     5 ||    48
       Fulminant Prism   |       |     2 |    37 |   128 |    69 |     8 ||   244
       Iskenderun's Myst |       |       |    11 |    65 |   180 |    52 ||   308
       Hailstorm         |       |       |       |    24 |    39 |    31 ||    94
       Dazzling Flash    |       |       |       |     2 |     2 |       ||     4
       Freezing Cloud    |       |       |       |       |   155 |    50 ||   205
       Simulacrum        |       |       |       |       |    10 |    29 ||    39
       Lehudib's Crystal |       |       |       |       |       |     6 ||     6
Invok: Curse Item        |       |       |     1 |     6 |     8 |       ||    15
       Shatter the Chain |       |       |       |       |     3 |       ||     3
Evoke: Wand              |       |       |     1 |     1 |     9 |     3 ||    14
       Phantom mirror    |       |       |       |       |     1 |       ||     1
  Use: Scroll            |       |       |     6 |     2 |     1 |     1 ||    10
       Potion            |       |       |       |     4 |     4 |     6 ||    14
 Stab: Sleeping          |       |     3 |       |     1 |     1 |       ||     5
Armor: Skin              |     2 |     5 |    17 |    10 |    34 |    13 ||    81
Dodge: Dodged            |     3 |    11 |    34 |    46 |   140 |    62 ||   296
Block: Other             |       |     3 |     9 |       |       |       ||    12
       Kite shield       |       |       |    20 |    79 |   227 |    90 ||   416
       Reflection        |       |       |       |    15 |       |       ||    15

Table legend: (Time is in decaauts)
 A = Elapsed time spent in this place.
 B = Non-inter-level travel time spent in this place.
 C = Inter-level travel time spent in this place.
 D = Time resting spent in this place.
 E = Time spent auto-exploring this place.
 F = Levels seen in this place.
 G = Mean time per level.
                   A        B        C        D        E       F      G
               +--------+--------+--------+--------+--------+-----+--------+
         Total |  44288 |  41420 |   2868 |  17461 |  18649 |  23 | 1925.6 |
       Dungeon |  26424 |  24641 |   1783 |   9247 |  12556 |  15 | 1761.6 |
          Lair |  13470 |  12797 |    673 |   5860 |   5151 |   5 | 2694.0 |
         Swamp |    804 |    789 |     15 |    375 |    194 |   1 |  804.0 |
  Orcish Mines |   3588 |   3193 |    395 |   1979 |    748 |   2 | 1794.0 |
               +--------+--------+--------+--------+--------+-----+--------+

Top non-repeatable levels by time:
  Lair:4: 5111 daAuts
    D:13: 3662 daAuts
  Lair:5: 3354 daAuts
  Lair:3: 2253 daAuts
    D:10: 2177 daAuts
    D:11: 2173 daAuts
     D:8: 2115 daAuts
     D:5: 2025 daAuts
     D:7: 2021 daAuts
    D:12: 1857 daAuts
   Orc:1: 1840 daAuts
    D:15: 1779 daAuts
   Orc:2: 1748 daAuts
     D:4: 1542 daAuts
     D:6: 1488 daAuts
